 Dungeon Crawl Stone Soup version 0.31-a0-934-gf4fcaacff8 (webtiles) character file.

Game seed: 14510583121505454916

17660 KleinerIrrer the Fighter (level 12, -2/154 HPs)
             Began as a Demonspawn Gladiator on Mar 5, 2023.
             Was a Priest of Cheibriados.
             Slain by a yak (5 damage)
             ... on level 2 of the Lair of Beasts on Oct 20, 2023.
             The game lasted 00:41:15 (13369 turns).

KleinerIrrer the Fighter (Demonspawn Gladiator)    Turns: 13369, Time: 00:41:16

Health: -2/154     AC: 30    Str: 26    XL:     12   Next: 20%
Magic:  12/12      EV:  2    Int: 17    God:    Cheibriados [***...]
Gold:   333        SH:  0    Dex: 25    Spells: 11/11 levels left

rFire   . . .        g - +8 Vampire's Tooth {megavamp}
rCold   . . .        (no shield)
rNeg    . . .        b - melded +1 leather armour
rPois   +            (helmet unavailable)
rElec   .            (cloak currently unavailable)
rCorr   .            (gloves currently unavailable)
SInv    .            q - melded +2 pair of boots {Fly}
Will    .....        l - amulet of regeneration
Stlth   +++          u - +4 ring of protection
HPRegen 1.25/turn    H - +5 ring of evasion
MPRegen 0.13/turn

%: no passive effects
@: lethally poisoned (-2 -> -11), tree-form, studying Staves, very slow
A: stationary, stasis, torment immunity, boosted hp, (antennae 3), powered by
pain 2, (weakness stinger 2), (talons 1), subdued magic 1
a: Renounce Religion, Bend Time, Temporal Distortion


You were on level 2 of the Lair of Beasts.
You worshipped Cheibriados.
Cheibriados was most pleased with you.
You were a tree.
You visited 3 branches of the dungeon, and saw 13 of its levels.
You also visited: Bailey.

You collected 689 gold pieces.
You spent 356 gold pieces at shops.

Inventory:

Hand Weapons
 a - a +0 trident
 g - the +8 Vampire's Tooth (weapon) {megavamp}
   (You found it in a bailey)
 h - a +5 dagger
 I - a +5 war axe of freezing
 N - a +1 short sword of draining
Missiles
 d - 2 throwing nets (quivered)
 e - 11 javelins
 n - 21 poisoned darts
 K - a silver boomerang
Armour
 b - a +1 leather armour (melded)
 q - a +2 pair of boots of flying (melded)
Jewellery
 l - an amulet of regeneration (around neck)
 u - a +4 ring of protection (left branch)
 y - a ring of magical power
 A - a ring of resist corrosion
 C - an amulet of guardian spirit
 D - a ring of flight
 H - a +5 ring of evasion (right branch)
 L - a +6 ring of dexterity
Wands
 c - a wand of charming (9)
 m - a wand of polymorph (10)
 F - a wand of acid (6)
 M - a wand of digging (7)
 S - a wand of flame (12)
Scrolls
 f - a scroll of fog
 j - 3 scrolls of noise
 o - 4 scrolls of revelation
 r - a scroll of brand weapon
 s - a scroll of butterflies
 t - 2 scrolls of enchant weapon
 v - 3 scrolls of identify
 w - a scroll of blinking {unknown}
 x - 2 scrolls of poison
 z - 2 scrolls of fear {unknown}
 J - a scroll of silence
 R - a scroll of immolation {unknown}
Potions
 i - a potion of mutation
 k - 4 potions of curing
 B - a potion of haste
 E - 3 potions of brilliance
 G - a potion of cancellation
 O - a potion of magic
 P - a potion of enlightenment
 Q - a potion of lignification


   Skills:
 + Level 12.4 Fighting
 - Level 8.7 Short Blades
 - Level 2.6 Polearms
 - Level 1.7 Throwing
 + Level 7.3 Armour
 + Level 9.1 Dodging
 - Level 4.0 Stealth


You had 11 spell levels left.
You didn't know any spells.
Your spell library contained the following spells:

 Spells                   Type           Power      Damage    Failure   Level
 Blink                    Tloc           0%         N/A       30%         2
 Ensorcelled Hibernation  Hex/Ice        0%         N/A       30%         2
 Lesser Beckoning         Tloc           0%         N/A       30%         2
 Momentum Strike          Conj/Tloc      0%         3d8       30%         2
 Passwall                 Tmut/Erth      0%         N/A       30%         2
 Ignite Poison            Fire/Tmut/Pois 0%         N/A       52%         3
 Swiftness                Air            0%         N/A       52%         3
 Volatile Blastmotes      Fire/Tloc      0%         2d10      52%         3
 Animate Armour           Summ/Erth      0%         N/A       91%         4
 Summon Ice Beast         Ice/Summ       0%         N/A       91%         4
 Freezing Cloud           Conj/Ice/Air   0%         6-21      99%         5
 Summon Mana Viper        Hex/Summ       0%         N/A       99%         5
 Bombard                  Conj/Erth      0%         9d1       100%        6
 Monstrous Menagerie      Summ           0%         N/A       100%        7


Dungeon Overview and Level Annotations

Branches:
Dungeon (10/15)            Temple (1/1) D:7            Lair (2/5) D:10
 Bailey (visited)
  Swamp: Lair:2-3    Shoals: Lair:2-3     Snake: Lair:2-3    Spider: Lair:2-3
    Orc: D:9-12

Altars:
Ashenzari
Cheibriados
Dithmenos
Fedhas
Gozag
Hepliaklqana
Kikubaaqudgha
Makhleb
Nemelex Xobeh
Okawaru
Qazlal
Ru
Sif Muna
Uskayaw
Vehumet
Wu Jian
Xom
Yredelemnul

Shops:
D:4 !   D:8 *

Annotations:
D:5 3 runed translucent doors, KleinerIrrer's ghost, amateur TeAE


Innate Abilities, Weirdness & Mutations

You are a tree.
Your roots penetrate the ground, keeping you stationary.
You cannot be teleported.
You are immune to unholy pain and torment.
Your maximum health is greatly increased.
Your equipment is partially melded.
((You have a pair of large antennae on your head. (SInv)))
You sometimes gain power by taking damage.
((You have a tail ending in a sharp stinger.))
((You have sharp toenails.))
Your spells are a little easier to cast, but a little less powerful.


Message History

The polar bear barely misses you. x2; The yak gores you but does no damage. x2
The black mamba bites you.
* * * LOW HITPOINT WARNING * * *
You are lethally poisoned!
The black mamba poisons you!
You feel better.
The blink frog blinks!
The water moccasin bites you.
* * * LOW HITPOINT WARNING * * *
The black mamba bites you but does no damage.
The yak gores you but does no damage. x2
The polar bear bites you but does no damage.
The polar bear claws you but does no damage. x2
The yak gores you but does no damage. x2; The water moccasin bites you.
* * * LOW HITPOINT WARNING * * *
You are poisoned.
The water moccasin poisons you! The black mamba bites you!
* * * LOW HITPOINT WARNING * * *
You hit the yak but do no damage. You hit the yak.
The yak is moderately wounded.
You feel very sick.
The blink frog hits you but does no damage.
The blink frog blinks!
The black mamba bites you but does no damage.
The yak gores you but does no damage. The water moccasin bites you.
* * * LOW HITPOINT WARNING * * *
You are more poisoned.
The water moccasin poisons you!
The yak gores you but does no damage. x2
The polar bear completely misses you.
The polar bear claws you but does no damage. x2
The yak completely misses you.
The blink frog blinks!
You hit the yak.
You feel better.
You hit the yak.
The yak is heavily wounded.
* * * LOW HITPOINT WARNING * * *
You feel very sick.
The blink frog blinks!
The black mamba bites you but does no damage.
The water moccasin bites you but does no damage.
The blink frog blinks!
The blink frog hits you but does no damage.
The yak gores you.
You die...

#............##
##..<.......#P#
#..........####
#...........#.#
##.........§..#
#..........###
##.....FF...#
#.......YSF..#
##.....FS♣YF.###
###..#.YhY.÷..#
#.....Y§....# ####
#...F........###..####
..............>.......###
.......................##
....................(.P#
......................##
......>...............##


You could see a polar bear, a black mamba, 5 yaks, 6 blink frogs and a water
moccasin.

Vanquished Creatures
  Urug (Lair:2)
  An orc knight (Bailey)
  A manticore (D:8)
  A cyclops (D:9)
  Joseph (D:7)
  2 cane toads (Lair:2)
  3 kobold demonologists
  A komodo dragon (Lair:2)
  Prince Ribbit (D:9)
  A hornet (D:8)
  13 blink frogs
  Sigmund (D:6)
  2 basilisks
  A wyvern (D:9)
  27 yaks
  2 steam dragons (D:8)
  A vampire mosquito (D:8)
  3 wargs (D:10)
  6 water moccasins
  2 ice beasts
  A sky beast (D:6)
  14 orc warriors
  5 black bears
  A centaur (D:8)
  2 kobold brigands
  7 bullfrogs
  2 scorpions
  A gnoll sergeant (D:9)
  13 wights
  5 killer bees (D:10)
  6 electric eels (Bailey)
  3 hounds
  3 jellies
  7 orc priests
  A gnoll bouda (D:8)
  7 iguanas
  Natasha (D:2)
  7 orc wizards
  2 hell rats (Lair:1)
  Terence (D:3)
  Robin (D:3)
  19 gnolls
  6 river rats (Lair:1)
  4 adders
  3 shadow imps
  2 white imps
  An ufetubus (D:6)
  A worm (D:2)
  4 dart slugs
  43 orcs
  2 bats (D:1)
  14 endoplasms
  4 giant cockroaches
  22 goblins
  17 hobgoblins
  6 jackals (D:1)
  3 quokkas
  11 ball pythons
  6 frilled lizards
  21 kobolds
  9 rats
359 creatures vanquished.

Notes
Turn   | Place    | Note
-------+----------+-------------------------------------------
     0 | D:1      | KleinerIrrer the Demonspawn Gladiator began the quest for
                  | the Orb.
     0 | D:1      | Reached XP level 1. HP: 16/16 MP: 1/1
    93 | D:1      | Discovered your monstrous ancestry.
    93 | D:1      | Gained mutation: You have a small tail. [demonic ancestry]
    93 | D:1      | Reached XP level 2. HP: 23/23 MP: 2/2
   206 | D:1      | Reached skill level 3 in Fighting
   515 | D:1      | Gained mutation: You have a pair of small antennae on your
                  | head. [demonic ancestry]
   515 | D:1      | Reached XP level 3. HP: 29/29 MP: 3/3
   712 | D:2      | Noticed Natasha
   719 | D:2      | Killed Natasha
   720 | D:2      | Reached skill level 4 in Fighting
   750 | D:2      | Gained mutation: You have a pair of antennae on your head.
                  | [demonic ancestry]
   750 | D:2      | Reached XP level 4. HP: 36/38 MP: 4/4
  1725 | D:3      | Found a faded altar of an unknown god.
  1858 | D:3      | Noticed Terence
  1865 | D:3      | Reached skill level 5 in Fighting
  1865 | D:3      | Gained mutation: You have a tail ending in a sharp stinger.
                  | [demonic ancestry]
  1865 | D:3      | Reached XP level 5. HP: 25/44 MP: 5/5
  1882 | D:3      | Killed Terence
  2019 | D:3      | Reached skill level 6 in Fighting
  2098 | D:3      | Noticed Robin
  2106 | D:3      | Killed Robin
  2220 | D:3      | Gained mutation: You sometimes gain a little power by
                  | taking damage. [demonic ancestry]
  2220 | D:3      | Reached XP level 6. HP: 53/53 MP: 6/6
  2633 | D:4      | Found an iron altar of Okawaru.
  3046 | D:4      | Found Eskawaq's Distillery.
  3069 | D:4      | Bought a potion of heal wounds for 60 gold pieces
  3069 | D:4      | Bought a potion of haste for 120 gold pieces
  3342 | D:4      | Reached skill level 7 in Fighting
  3751 | D:5      | Entered Level 5 of the Dungeon
  3859 | D:5      | Found a stormy altar of Qazlal.
  3873 | D:5      | Noticed a water moccasin
  3882 | D:5      | Killed a water moccasin
  3883 | D:5      | Reached skill level 8 in Fighting
  3883 | D:5      | Reached XP level 7. HP: 52/62 MP: 7/7
  4095 | D:5      | Found a runed translucent gate.
  4095 | D:5      | Noticed KleinerIrrer's ghost (amateur TeAE)
  4096 | D:5      | Found a runed translucent gate.
  4096 | D:5      | Identified the +4 dagger "Leviticus" {speed, Will+ Str+2
                  | Dex+4}
  4097 | D:5      | Found a runed translucent gate.
  4618 | D:6      | Reached skill level 9 in Fighting
  4636 | D:6      | Noticed Sigmund
  4658 | D:6      | Killed Sigmund
  4659 | D:6      | Gained mutation: You have a pair of large antennae on your
                  | head. (SInv) [demonic ancestry]
  4659 | D:6      | Reached XP level 8. HP: 71/71 MP: 8/8
  4830 | D:6      | Reached skill level 10 in Fighting
  5172 | D:6      | Reached skill level 1 in Short Blades
  5237 | D:6      | Found a burning altar of Makhleb.
  6072 | D:7      | Found a staircase to the Ecumenical Temple.
  6092 | D:6      | Gained mutation: You sometimes gain power by taking damage.
                  | [demonic ancestry]
  6092 | D:6      | Reached XP level 9. HP: 64/79 MP: 9/9
  6545 | D:7      | Found a hazy altar of Hepliaklqana.
  6551 | D:7      | Found an ancient bone altar of Kikubaaqudgha.
  6551 | D:7      | Found a shadowy altar of Dithmenos.
  6569 | D:7      | Found an opulent altar of Gozag.
  6769 | D:7      | Noticed Joseph
  6817 | D:7      | Killed Joseph
  6818 | D:7      | Reached skill level 5 in Dodging
  7175 | D:8      | Found Heimej's Assorted Antiques.
  7199 | D:8      | Bought a fizzy orange potion for 23 gold pieces
  7199 | D:8      | Bought a potion of heal wounds for 130 gold pieces
  7199 | D:8      | Bought an inky potion for 23 gold pieces
  7238 | D:8      | Reached skill level 5 in Short Blades
  7246 | D:8      | Found a flagged portal.
  7257 | Bailey   | Entered a bailey
  7833 | Bailey   | Noticed an orc knight
  7851 | Bailey   | Acquired a +2 pair of boots of flying
  7869 | Bailey   | Gained mutation: You have sharp toenails. [potion of
                  | mutation]
  7912 | Bailey   | Killed an orc knight
  8113 | Bailey   | Found the +8 Vampire's Tooth {megavamp}
  8150 | Bailey   | Reached XP level 10. HP: 30/86 MP: 8/10
  8361 | Bailey   | Lost mutation: You have sharp toenails. [potion of
                  | mutation]
  8361 | Bailey   | Gained mutation: Your spells are a little easier to cast,
                  | but a little less powerful. [potion of mutation]
  8361 | Bailey   | Gained mutation: You have sharp toenails. [potion of
                  | mutation]
  8393 | Bailey   | Found an iron altar of Okawaru.
  8401 | Bailey   | Noticed a sun demon
  9110 | Bailey   | Reached skill level 1 in Armour
  9110 | Bailey   | Reached skill level 1 in Stealth
  9399 | D:8      | Reached skill level 11 in Fighting
  9492 | D:8      | Noticed a skeletal warrior
  9535 | D:9      | Found an ornate altar of the Wu Jian Council.
  9688 | D:9      | Noticed a cyclops
  9712 | D:9      | Killed a cyclops
 10005 | D:9      | Noticed Prince Ribbit
 10028 | D:9      | Killed Prince Ribbit
 10334 | D:8      | Reached XP level 11. HP: 93/93 MP: 11/11
 10462 | Temple   | Entered the Ecumenical Temple
 10463 | Temple   | Upgraded the game from 0.30-a0-857-gcaf70739d4 to
                  | 0.31-a0-934-gf4fcaacff8
 10475 | Temple   | Became a worshipper of Cheibriados the Contemplative
 10526 | D:8      | Found a shimmering altar of Xom.
 10526 | D:8      | Noticed an angel
 10784 | D:8      | HP: 2/93 [skeletal warrior/+0 war axe (20)]
 11563 | D:10     | Entered Level 10 of the Dungeon
 11662 | D:10     | Reached * piety under Cheibriados
 11664 | D:10     | Found a staircase to the Lair.
 12019 | D:10     | Reached skill level 5 in Armour
 12043 | Lair:1   | Entered Level 1 of the Lair of Beasts
 12179 | Lair:1   | Reached ** piety under Cheibriados
 12708 | Lair:1   | Reached skill level 12 in Fighting
 12854 | Lair:1   | Reached *** piety under Cheibriados
 13009 | Lair:2   | Noticed Urug
 13072 | Lair:2   | Killed Urug
 13149 | Lair:2   | Reached XP level 12. HP: 102/102 MP: 12/12
 13355 | Lair:2   | HP: 6/154 [water moccasin (4)]
 13368 | Lair:2   | HP: 6/154 [poisoned by a water moccasin]
 13368 | Lair:2   | HP: 1/154 [water moccasin (5)]
 13369 | Lair:2   | Slain by a yak

Illustrated notes

Levels and vault maps discovered:
D:1:      dpeg_arrival_rooms_with_view, layout_basic
D:2:      layout_loops_corners, kennysheep_minor_cross, uniq_natasha
D:3:      layout_rooms, dilly_ecumenical_altar_fadedgnrine, serial_bayou,
          serial_bayou_crossing, serial_bayou_pond_a, serial_bayou_lagoon_b,
          serial_bayou_lake_a, uniq_robin, uniq_terence
D:4:      layout_cave_pods, general_overflow_altar, serial_shops,
          nicolae_lakefront_shop
D:5:      layout_basic, mainiacjoe_overflow_paths, biasface_ghost_orc_armoury
D:6:      layout_basic, makhleb_heckhound_becter, serial_rivers,
          chequers_serial_rivers_room_b, chequers_serial_rivers_small_b,
          chequers_serial_rivers_room_b, chequers_serial_rivers_micro_e,
          chequers_serial_rivers_small_b, chequers_serial_rivers_small_b,
          kennysheep_small_square, uniq_sigmund
D:7:      black_bear_nest_1, layout_rooms, minmay_overflow_temple_star_hex,
          minmay_temple_entry_proselytizer, uniq_joseph
D:8:      minmay_blocky_corners, layout_cave_pools,
          grunt_temple_overflow_order_and_chaos_1, serial_shops, shop,
          enter_bailey_3, chequers_serial_rivers_micro_b
D:9:      layout_cave_pods, lemuel_doored_altar, uniq_prince_ribbit1
D:10:     layout_stronghold, mainiacjoe_overflow_concentric_impassable,
          erik_lair_orcish_takeover, serial_shops, nicolae_shop_trees,
          fountainhead
Temple:   hellmonk_temple_micro_hex
Lair:1:   layout_gridlike, kennysheep_rathole
Lair:2:   layout_cave_shapes, beast_lair_carwin_11, uniq_urug

Skill      XL: |  1  2  3  4  5  6  7  8  9 10 11 12 |
---------------+-------------------------------------+-----
Fighting       | 3 4 5 6 8 9 10 11 12 | 12.4
Short Blades   | 3 7 8 |  8.7
Dodging        | 4 5 6 8 9 |  9.1
Armour         | 3 6 7 |  7.3
Stealth        | 3 4 |  4.0
Polearms       | |  2.6
Throwing       | |  1.7

Action                     |  1- 3 |  4- 6 |  7- 9 | 10-12 || total
---------------------------+-------+-------+-------+-------++-------
  Melee: Trident           |    30 |       |       |       ||    30
         Dagger            |    83 |   263 |   501 |    69 ||   916
         Tailslap          |     7 |    42 |   109 |   195 ||   353
         Punch             |       |       |     2 |    17 ||    19
         Quick blade       |       |       |       |   988 ||   988
  Throw: Throwing net      |       |       |     1 |     2 ||     3
  Evoke: Wand              |       |       |     3 |       ||     3
    Use: Potion            |       |     1 |    22 |     5 ||    28
         Scroll            |       |     5 |     6 |     8 ||    19
   Stab: Invisible         |       |       |     5 |       ||     5
         Sleeping          |       |       |       |     3 ||     3
 Armour: Leather armour    |    27 |    77 |   101 |   175 ||   380
         Skin              |       |       |       |   164 ||   164
  Dodge: Dodged            |    74 |   159 |   276 |   334 ||   843

Table legend: (Time is in decaauts)
 A = Elapsed time spent in this place.
 B = Non-inter-level travel time spent in this place.
 C = Inter-level travel time spent in this place.
 D = Time resting spent in this place.
 E = Time spent auto-exploring this place.
 F = Levels seen in this place.
 G = Mean time per level.
                   A        B        C        D        E       F      G
               +--------+--------+--------+--------+--------+-----+--------+
         Total |  13723 |  13020 |    703 |   1650 |   7976 |  14 |  980.2 |
       Dungeon |  10187 |   9557 |    630 |    608 |   6642 |  10 | 1018.7 |
        Temple |     19 |     11 |      8 |      0 |      0 |   1 |   19.0 |
          Lair |   1730 |   1665 |     65 |     66 |   1093 |   2 |  865.0 |
        Bailey |   1786 |   1786 |      0 |    976 |    240 |   1 | 1786.0 |
               +--------+--------+--------+--------+--------+-----+--------+

Top non-repeatable levels by time:
  Bailey: 1786 daAuts
     D:7: 1740 daAuts
  Lair:1: 1273 daAuts
     D:9: 1240 daAuts
     D:4: 1195 daAuts
     D:6: 1163 daAuts
     D:3: 983 daAuts
     D:2: 943 daAuts
     D:5: 838 daAuts
     D:8: 819 daAuts
     D:1: 706 daAuts
    D:10: 554 daAuts
  Lair:2: 456 daAuts
  Temple: 19 daAuts
